 Dungeon Crawl Stone Soup version 0.28.0-53-g5a82cb258f (webtiles) character file.

Game seed: 11021535090574282675

401 enile the Ducker (level 7, -8/44 HPs)
             Began as a Kobold Wanderer on May 29, 2022.
             Splashed by a jelly's acid (10 damage)
             ... on level 4 of the Dungeon.
             The game lasted 00:06:17 (5820 turns).

enile the Ducker (Kobold Wanderer)                  Turns: 5820, Time: 00:06:17

Health: -8/44      AC: -5    Str: 10    XL:     7   Next: 11%
Magic:  7/7        EV: 17    Int: 13    God:
Gold:   165        SH:  0    Dex: 16    Spells: 6/6 levels left

rFire   . . .      SeeInvis .   a - +0 dagger
rCold   . . .      Faith    .   (no shield)
rNeg    . . .      Spirit   .   d - +2 scale mail
rPois   .          Reflect  .   u - +1 hat
rElec   .          Harm     .   (no cloak)
rCorr   .          Rampage  .   (no gloves)
Will    .....                   (no boots)
Stlth   ++........              (no amulet)
HPRegen 0.14/turn               m - +4 ring of evasion
MPRegen 0.10/turn               (no ring)

@: mighty, corroded
A: small, no large weapons, nightstalker 3
a: no special abilities


You were on level 4 of the Dungeon.
You visited 1 branch of the dungeon, and saw 5 of its levels.

You collected 272 gold pieces.
You spent 107 gold pieces at shops.

Inventory:

Hand Weapons
 a - a +0 dagger (weapon)
 g - a +0 hunting sling
 r - a +0 morningstar
 s - a +0 quarterstaff
Missiles
 h - 144 stones
Armour
 d - a +2 scale mail (worn)
 q - a +2 robe of willpower
 u - a +1 hat (worn)
Jewellery
 m - a +4 ring of evasion (left hand)
Wands
 v - a wand of acid (7)
 w - a wand of mindburst (7) (quivered)
Scrolls
 c - 4 scrolls of vulnerability
 e - 3 scrolls of fog {unknown}
 f - 3 scrolls of identify {unknown}
 i - a scroll of fear
 j - 2 scrolls of teleportation {unknown}
 l - a scroll of amnesia {unknown}
 n - a scroll of acquirement {unknown}
 t - a scroll of summoning {unknown}
Potions
 b - a potion of attraction
 o - a potion of lignification {unknown}
 p - a potion of invisibility {unknown}
 x - a potion of heal wounds
 z - 2 potions of curing {unknown}


   Skills:
 - Level 5.0 Fighting
 - Level 3.0 Short Blades
 - Level 4.1 Armour
 - Level 6.0 Dodging
 - Level 3.0 Stealth
 + Level 2.4 Evocations


You had 6 spell levels left.
You didn't know any spells.
Your spell library contained the following spells:

 Spells                   Type           Power      Damage    Failure   Level
 Summon Forest            Summ/Tloc      0%         N/A       100%        5
 Eringya's Noxious Bog    Tmut/Pois      0%         N/A       100%        6
 Summon Hydra             Summ           0%         N/A       100%        7


Dungeon Overview and Level Annotations

Branches:
Dungeon (5/15)
 Temple: D:4-7

Altars:

Shops:
D:4 [

Annotations:
D:1 1 runed translucent door


Innate Abilities, Weirdness & Mutations

You are small and have problems with some larger weapons.
You are completely attuned to the shadows.


Message History

Press: ? - help, Dir - move target, f - jelly
Aim: a jelly (lightly wounded, about 9% to evade your +0 dagger)
Okay, then.
Aiming: Corrosive Bolt
Press: ? - help, Shift-Dir - straight line, f - you
Okay, then.
Sorry, you're not good enough to have a special ability.
Unknown command.
You feel very mighty all of a sudden. The jelly hits you.
The acid corrodes you!
You are splashed with acid!
You hit the jelly but do no damage.
Your hands burn!
The jelly is lightly wounded.
The jelly misses you.
You completely miss the jelly.
The jelly is lightly wounded.
You puncture the jelly!
Your hands burn!
The jelly is heavily wounded.
The jelly hits you but does no damage.
You hit the jelly.
Your hands burn!
The jelly is almost dead.
The jelly closely misses you.
You completely miss the jelly.
The jelly is almost dead.
The jelly hits you. The acid corrodes you!
You are splashed with acid!
* * * LOW HITPOINT WARNING * * *
You hit the jelly but do no damage.
Your hands burn!
* * * LOW HITPOINT WARNING * * *
The jelly is almost dead.
The jelly completely misses you.
You hit the jelly but do no damage.
Your hands burn!
* * * LOW HITPOINT WARNING * * *
The jelly is almost dead.
The jelly closely misses you.
You hit the jelly but do no damage.
Your hands burn!
* * * LOW HITPOINT WARNING * * *
The jelly is almost dead.
The jelly hits you.
* * * LOW HITPOINT WARNING * * *
The acid corrodes you!
You are splashed with acid!
You die...

.....###.....#.....#.....#...###.
#.###.#......#......#....#....#.#
##.....#.....#.....###...#.....#.
#......#......#.###...###.#....#.
.#.....#.....###.........###...#.
##......#.###...###...###...###.#
#.....###.........###.........##
##.###...###...###...###...###..
##.........###@J..>....###..... #
####...###...###...###...###.. ##
#...###.........###.........##
.######.#.###...###...###...###..
..####.....#####.........###.....
..'.............###...###.+......
..####.....###### ####...##......
.## #......# #.#.######..... ##
#.###### #...# ##....


You could see a jelly.

Vanquished Creatures
  A necrophage (D:4)
  A scorpion (D:4)
  A water moccasin skeleton (D:5)
  A jelly (D:4)
  An orc priest (D:3)
  A hound skeleton (D:4)
  4 adders
  A white imp (D:5)
  An ufetubus (D:4)
  4 worms
  3 dart slugs
  3 orcs (D:3)
  7 endoplasms
  8 goblins
  6 hobgoblins
  2 jackals (D:1)
  6 kobolds
  4 quokkas
  5 ball pythons
  3 bats
  4 frilled lizards
  2 rats
69 creatures vanquished.

Notes
Turn   | Place    | Note
-------+----------+-------------------------------------------
     0 | D:1      | enile the Kobold Wanderer began the quest for the Orb.
     0 | D:1      | enile set off with the following items: a +0 dagger, a
                  | potion of attraction, a scroll of vulnerability, a +2 scale
                  | mail
     0 | D:1      | Reached XP level 1. HP: 16/16 MP: 1/1
     1 | D:1      | Found a runed translucent door.
     2 | D:1      | Noticed a jelly
   158 | D:1      | Reached skill level 1 in Stealth
   224 | D:1      | Reached XP level 2. HP: 17/20 MP: 2/2
   650 | D:1      | Reached skill level 1 in Short Blades
   745 | D:1      | Reached XP level 3. HP: 23/24 MP: 3/3
  2100 | D:2      | Reached XP level 4. HP: 27/30 MP: 4/4
  2444 | D:3      | Reached skill level 2 in Dodging
  3203 | D:3      | Reached skill level 3 in Dodging
  3203 | D:3      | Reached XP level 5. HP: 34/34 MP: 5/5
  3785 | D:4      | Found Hiuth's Antique Armour Boutique.
  3790 | D:4      | Bought a glowing robe for 107 gold pieces
  3848 | D:4      | Reached skill level 4 in Dodging
  3894 | D:4      | Reached skill level 5 in Fighting
  4022 | D:4      | Reached XP level 6. HP: 24/40 MP: 6/6
  4500 | D:4      | Reached skill level 5 in Dodging
  4912 | D:4      | Noticed a necrophage
  4932 | D:4      | Killed a necrophage
  4933 | D:4      | Reached skill level 6 in Dodging
  5385 | D:5      | Entered Level 5 of the Dungeon
  5395 | D:5      | Reached XP level 7. HP: 42/44 MP: 7/7
  5820 | D:4      | HP: 2/44 [jelly (3)]
  5820 | D:4      | Splashed by a jelly's acid

Illustrated notes

Levels and vault maps discovered:
D:1:      dpeg_arrival_caged_fury, layout_basic
D:2:      layout_basic, minmay_randomly_rotated_circles
D:3:      layout_basic
D:4:      nicolae_BIG_FREAKIN_CUBE, layout_loops_corners, serial_shops,
          nicolae_stop_n_shop_2
D:5:      layout_basic, ebering_dispersal_statue_hall, lemuel_old_faithful,
          uniq_blork_the_orc

Skill      XL: |  1  2  3  4  5  6 |
---------------+-------------------+-----
Stealth        | 2 3 |  3.0
Short Blades   | 1 3 |  3.0
Dodging        | 3 4 6 |  6.0
Fighting       | 5 |  5.0
Evocations     | 2 |  2.4
Armour         | |  4.1

Action                   |  1- 3 |  4- 6 |  7- 9 || total
-------------------------+-------+-------+-------++-------
Melee: Dagger            |   135 |   228 |    27 ||   390
       Punch             |       |     3 |       ||     3
Throw: Stone             |     3 |     5 |       ||     8
       Throwing net      |       |     1 |       ||     1
Evoke: Wand              |       |     3 |     2 ||     5
  Use: Scroll            |       |     1 |       ||     1
       Potion            |       |     3 |     1 ||     4
 Stab: Sleeping          |    10 |    15 |       ||    25
       Distracted        |     1 |       |       ||     1
       Held in net/web   |       |     1 |       ||     1
Armor: Scale mail        |    33 |    50 |     9 ||    92
Dodge: Dodged            |    72 |    89 |    16 ||   177
